 Dungeon Crawl Stone Soup version 0.30-a0-867-g305f33218d (webtiles) character file.

Game seed: 8892501845635727667

30117 browni3141 the Stormcaller (level 13, 0/74 HPs)
             Began as a Vine Stalker Air Elementalist on Mar 11, 2023.
             Was a High Priest of Ashenzari.
             Slain by a sun demon (10 damage)
             ... on level 2 of the Orcish Mines.
             The game lasted 00:36:32 (20099 turns).

browni3141 the Stormcaller (VSAE)                  Turns: 20099, Time: 00:36:33

Health: 0/74       AC: 13    Str: 14    XL:     13   Next: 49%
Magic:  0/24       EV: 14    Int: 19    God:    Ashenzari [*****.]
Gold:   1059       SH:  9    Dex: 22    Spells: 8/26 levels left

rFire   . . .      SeeInvis +    x - +2 dagger of the Pangnostic God {distort, rPois rC+, Bglg, Fort} (curse)
rCold   + . .      Faith    +    R - +0 kite shield of Ashenzari's Insecurity {Evo, Alch} (curse)
rNeg    . . .      Spirit   +    m - +1 robe of Ashenzari's Mistrust {Rampage Str+2 Stlth+, Fort, Self} (curse)
rPois   +          Reflect  .    r - +0 helmet "Soothsayer of Ashenzari" {Range, Comp} (curse)
rElec   .          Rampage  +    w - +1 cloak
rCorr   .          Clarity  +    H - +2 pair of gloves of Ashenzari's Submission {Dex+7, Elem, Alch} (curse)
Will    +....                    g - +2 pair of boots of Supernal Gnosis {Elem, Self} (curse)
Stlth   ++++                     C - amulet "Free Will of Ashenzari" {Faith, Range, Comp} (curse)
HPRegen 1.12/turn                p - ring "Shattered Together" {Fly, Evo, Range} (curse)
MPRegen 0.19/turn                M - ring of Ashenzari's Discomfort {rPois Slay+2, Evo, Fort} (curse)

@: flying, studying Fighting
A: fangs 3, regeneration 1, magic shield, antimagic bite, no potion heal 2
a: Renounce Religion, Curse Item, Shatter the Chains


You were on level 2 of the Orcish Mines.
You worshipped Ashenzari.
Ashenzari was extremely pleased with you.
You visited 3 branches of the dungeon, and saw 15 of its levels.
You also visited: Ossuary and Bailey.

You collected 1514 gold pieces.
You spent 455 gold pieces at shops.

Inventory:

Hand Weapons
 e - a +0 short sword
 x - the cursed +2 dagger of the Pangnostic God (weapon) {distort, rPois rC+, Bglg, Fort}
   (You found it on level 5 of the Dungeon)

   rC:        It protects you from cold.
   rPois:     It protects you from poison.
   It has a curse which improves the following skills: Beguiling: Conjurations,
   Hexes and Translocations.
   Fortitude: Armour and Shields.
Missiles
 A - a throwing net
Armour
 a - a +0 robe
 g - the cursed +2 pair of boots of Supernal Gnosis (worn) {Elem, Self}
   (You found it on level 1 of the Dungeon)

   It has a curse which improves the following skills: Elements: Fire Magic, Ice
   Magic, Air Magic and Earth Magic.
   Introspection: Fighting and Spellcasting.
 m - the cursed +1 robe of Ashenzari's Mistrust (worn) {Rampage Str+2 Stlth+, Fort, Self}
   (You found it on level 3 of the Dungeon)

   Str:       It affects your strength (+2).
   Rampage:   It bestows one free step when moving towards enemies.
   Stlth:     It makes you more stealthy.
   It has a curse which improves the following skills: Fortitude: Armour and
   Shields.
   Introspection: Fighting and Spellcasting.
 r - the cursed +0 helmet "Soothsayer of Ashenzari" (worn) {Range, Comp}
   (You found it on level 5 of the Dungeon)

   It has a curse which improves the following skills: Ranged Combat: Ranged
   Weapons and Throwing.
   Companions: Summonings and Necromancy.
 w - a +1 cloak (worn)
 H - the cursed +2 pair of gloves of Ashenzari's Submission (worn) {Dex+7, Elem, Alch}
   (You acquired it on level 8 of the Dungeon)

   Dex:       It affects your dexterity (+7).
   It has a curse which improves the following skills: Elements: Fire Magic, Ice
   Magic, Air Magic and Earth Magic.
   Alchemy:   Poison Magic and Transmutations.
 R - the cursed +0 kite shield of Ashenzari's Insecurity (worn) {Evo, Alch}
   (You took it off a gnoll sergeant on level 11 of the Dungeon)

   It has a curse which improves the following skills: Evocations: Evocations.
   Alchemy:   Poison Magic and Transmutations.
 U - a +0 cloak
Jewellery
 p - the cursed ring "Shattered Together" (left hand) {Fly, Evo, Range}
   (You found it on level 4 of the Dungeon)

   [ring of flight]

   Fly:       It grants you flight.
   It has a curse which improves the following skills: Evocations: Evocations.
   Ranged Combat: Ranged Weapons and Throwing.
 C - the cursed amulet "Free Will of Ashenzari" (around neck) {Faith, Range, Comp}
   (You found it on level 3 of the Dungeon)

   [amulet of faith]

   It allows you to gain divine favour quickly.
   It has a curse which improves the following skills: Ranged Combat: Ranged
   Weapons and Throwing.
   Companions: Summonings and Necromancy.
 K - an amulet of the acrobat
 L - an amulet of regeneration
 M - the cursed ring of Ashenzari's Discomfort (right hand) {rPois Slay+2, Evo, Fort}
   (You found it on level 9 of the Dungeon)

   [ring of poison resistance]

   Slay:      It affects your accuracy & damage with ranged weapons and melee
   (+2).
   rPois:     It protects you from poison.
   It has a curse which improves the following skills: Evocations: Evocations.
   Fortitude: Armour and Shields.
 Q - an amulet of reflection
Wands
 q - a wand of roots (4)
 B - a wand of flame (52)
 J - a wand of polymorph (7)
Scrolls
 c - 8 scrolls of teleportation
 f - 3 scrolls of noise
 h - 6 scrolls of fear
 k - 5 scrolls of amnesia
 l - 4 scrolls of immolation
 s - 6 scrolls of enchant weapon
 u - 4 scrolls of enchant armour
 v - a scroll of silence
 y - 8 scrolls of identify
 E - 3 scrolls of fog
 S - a scroll of brand weapon
 T - a scroll of magic mapping
Potions
 b - 3 potions of magic
 d - a potion of degeneration
 i - 2 potions of flight
 j - 3 potions of mutation
 n - 3 potions of resistance
 o - 8 potions of curing
 t - 4 potions of invisibility
 z - 3 potions of attraction
 D - 2 potions of brilliance
 F - 2 potions of ambrosia
 G - a potion of might
 I - a potion of cancellation
 N - a potion of lignification
 O - a potion of berserk rage
 P - a potion of haste


   Skills:
 * Level 8.0(11.5) Fighting
 - Level 8.9 Short Blades
 - Level 1.2(3.8) Armour
 - Level 6.0 Dodging
 - Level 5.0 Stealth
 - Level 4.0(7.1) Spellcasting
 - Level 10.0(12.3) Conjurations
 * Level 15.5(18.9) Air Magic
 - Level 2.0(5.1) Evocations


You had 8 spell levels left.
You knew the following spells:

 Your Spells              Type           Power      Damage    Failure   Level
a - Shock                 Conj/Air       100%       1d9       1%          1
b - Static Discharge      Conj/Air       100%       2-7/arc   1%          2
c - Swiftness             Air            68%        N/A       1%          3
d - Airstrike             Air            34%        2d(5-21)  1%          4
e - Arcjolt               Conj/Air       30%        1d40      1%          5
f - Vhi's Electric Charg  Tloc/Air       86%        N/A       1%          3

Your spell library contained the following spells:

 Spells                   Type           Power      Damage    Failure   Level
 Cigotuvi's Dreadful Rot  Necr/Pois/Air  62%        N/A       3%          2
 Dazzling Flash           Conj/Hex       60%        N/A       8%          3
 Silence                  Hex/Air        21%        N/A       19%         5
 Irradiate                Conj/Tmut      15%        3d16      56%         5
 Ozocubu's Armour         Ice            8%         N/A       65%         3
 Maxwell's Capacitive Co  Air            34%        ∞         69%         8
 Dispel Undead            Necr           8%         3d8       96%         4
 Agony                    Necr           8%         N/A       100%        5
 Blade Hands              Tmut           4%         N/A       100%        5
 Death Channel            Necr           4%         N/A       100%        6
 Dragon Form              Tmut           4%         N/A       100%        7
 Ozocubu's Refrigeration  Ice            4%         4d8       100%        7


Dungeon Overview and Level Annotations

Branches:
Dungeon (12/15)            Temple (1/1) D:4            Lair (0/5) D:10
    Orc (2/2) D:10            Elf (0/3) Orc:2       Ossuary (visited)
 Bailey (visited)

Altars:
Ashenzari
Cheibriados
Dithmenos
Elyvilon
Fedhas
Gozag
Hepliaklqana
Kikubaaqudgha
Makhleb
Nemelex Xobeh
Okawaru
Qazlal
Ru
Sif Muna
Trog
Uskayaw
Vehumet
Wu Jian
Xom
Yredelemnul
Zin
The Shining One

Shops:
D:7 ?   D:8 [   D:10 *   Orc:1 *[   Orc:2 *

Annotations:
Abyss:1 Pikel


Innate Abilities, Weirdness & Mutations

You have razor-sharp teeth.
Your natural rate of healing is unusually fast.
When hurt, damage is shared between your health and your magic reserves.
Your bite disrupts and absorbs the magic of your enemies.
Potions cannot restore your health.


Message History

The orc priest calls down the wrath of Beogh upon you.
Beogh smites you! The orc priest misses you.
The orc hits you but does no damage. x2
Unknown command.
You closely miss the orc priest.
You bite the orc priest, but do no damage.
You barely miss the orc priest. You bite the orc priest. You drain its power.
You feel invigorated.
The orc priest is heavily wounded.
The orc knight roars a battlecry!
The orc priest invokes the aid of Beogh against you.
Beogh smites you!
An orc comes into view. It is wielding a +0 trident.
The orc barely misses you.
You hear a shout!
Casting: Airstrike (safe; 1% risk of failure)
Confirm with . or Enter, or press ? or * to list all spells.
Electricity surges outward!
You kill the orc!
The sun demon resists.
The sun demon is moderately wounded.
You kill the orc!
You kill the orc priest!
The orc knight is heavily wounded.
The orc is heavily wounded.
The orc priest is severely wounded.
The orc priest is heavily wounded.
The sun demon hits you!!
You are engulfed in flames!
The orc knight misses you.
The orc priest begins to cast a cantrip, but forgets the words!
You block the sun demon's attack.
Unknown command.
Casting: Arcjolt (dangerous; 1% risk of failure)
Confirm with . or Enter, or press ? or * to list all spells.
Electricity surges outward!
The sun demon resists.
The sun demon is heavily wounded.
You kill the orc!
The orc knight hits you from afar with a +0 glaive.
The orc priest calls upon Beogh to heal the orc knight.
The orc knight is healed somewhat.
The sun demon hits you!!
* * * LOW HITPOINT WARNING * * *
You are engulfed in flames!
You die...

* ,** * ** * #∩. *
, ,* ** ,** #..., *
,, , ,, *#..#. * ,
, ,** * #....,, ,,*
* ,,...##** ** *
#oo.# *,,,
,,......* ##.oo. ,,
, , .........
##))#{ , , , *
...##...### ##)@#*,
{, ,,* , *
........#.# ##.3##
, * * ,
..........###..##*,
,**{**
.........##..## ,{
,{ * , , *
#.........## , ,**,
, * ,
..#.#.....).##*, *
,*{ * ,, *
......)...)##*, ,
*{ { , **, ,
#...#.....## , * {{
{, * ,**,
...........## *,,
*∩ , ** *


You could see an orc knight, a sun demon, 2 orc priests and an orc (strong).

Vanquished Creatures
  A hydra (D:9)
  4 two-headed ogres
  A wolf spider (D:9)
  An ugly thing (D:11)
  An orc sorcerer (Orc:2)
  Joseph (D:10)
  A cyclops (D:9)
  2 gargoyles
  Maggie (D:8)
  A kobold demonologist (D:11)
  A merfolk (D:11)
  4 trolls
  A hornet (D:8)
  4 slime creatures (D:8)
  10 wyverns
  A wraith (D:7)
  Grum (D:9)
  19 yaks
  2 basilisks (D:10)
  3 steam dragons
  2 vampire mosquitoes (D:12)
  7 water moccasins
  Duvessa (D:7)
  An ice beast (D:5)
  10 black bears
  26 orc warriors
  3 sky beasts (D:7)
  5 wolves
  4 ogres
  4 centaurs
  2 lemures (D:8)
  A phantom (D:4)
  6 kobold brigands
  4 elf zombies (Ossuary)
  5 scorpions
  13 bullfrogs
  A gnoll sergeant (D:11)
  3 wights (D:8)
  Dowan (D:7)
  2 killer bees (D:9)
  5 howler monkeys
  10 electric eels
  A lava snake (D:10)
  3 quasits (D:5)
  2 hounds
  2 human zombies (Ossuary)
  2 jellies
  14 orc priests
  6 gnoll boudas
  6 iguanas
  3 sleepcaps
  16 orc wizards
  2 mummies (Ossuary)
  9 adders
  8 gnolls
  5 shadow imps (D:5)
  A white imp (D:5)
  2 ufetubi (D:5)
  An adder zombie (Ossuary)
  4 worms
  A dart slug (D:1)
  59 orcs
  9 ball pythons
  12 endoplasms
  4 giant cockroaches
  11 goblins
  5 hobgoblins
  2 jackals (D:3)
  24 kobolds
  3 quokkas
  8 bats
  7 frilled lizards
  10 hobgoblin zombies (Ossuary)
  10 kobold zombies (Ossuary)
  8 orc zombies
  8 rats
  A rat zombie (Ossuary)
445 creatures vanquished.

Vanquished Creatures (others)
  2 fungi (D:10)
  100 plants
102 creatures vanquished.

Grand Total: 547 creatures vanquished

Notes
Turn   | Place    | Note
-------+----------+-------------------------------------------
     0 | D:1      | browni3141 the Vine Stalker Air Elementalist began the
                  | quest for the Orb.
     0 | D:1      | Reached XP level 1. HP: 9/9 MP: 4/4
   231 | D:1      | Reached XP level 2. HP: 13/13 MP: 1/6
   390 | D:1      | Reached skill level 1 in Fighting
   516 | D:1      | Learned a level 2 spell: Static Discharge
   687 | D:1      | Reached XP level 3. HP: 18/18 MP: 5/7
  1280 | D:2      | Reached skill level 1 in Short Blades
  1556 | D:2      | Gained mutation: Your natural rate of healing is unusually
                  | fast. [Vine Stalker growth]
  1556 | D:2      | Reached XP level 4. HP: 15/23 MP: 1/8
  2251 | D:2      | Learned a level 3 spell: Swiftness
  2856 | D:3      | Reached XP level 5. HP: 26/26 MP: 2/9
  3339 | D:3      | Found a bloodstained altar of Trog.
  3445 | D:3      | Found a faded altar of an unknown god.
  3633 | D:3      | Identified the +1 robe "Irudes" {Rampage Str+2 Stlth+}
  4031 | D:4      | Found a staircase to the Ecumenical Temple.
  4047 | Temple   | Entered the Ecumenical Temple
  4142 | D:4      | Noticed a phantom
  4158 | D:4      | Killed a phantom
  4159 | D:4      | Reached skill level 4 in Air Magic
  4159 | D:4      | Reached XP level 6. HP: 21/30 MP: 0/11
  4438 | D:4      | Reached skill level 5 in Air Magic
  4623 | D:4      | You fall into a shaft and drop 3 floors!
  4623 | D:7      | Found Mumic's Magic Scroll Shoppe.
  4629 | D:7      | Bought a scroll of magic mapping for 105 gold pieces
  4630 | D:7      | Bought a scroll of teleportation for 42 gold pieces
  4630 | D:7      | Bought 2 scrolls of identify for 56 gold pieces
  4654 | D:7      | Reached XP level 7. HP: 8/35 MP: 2/12
  4710 | D:7      | Reached skill level 6 in Air Magic
  4792 | D:7      | Found a flagged portal.
  4852 | Bailey   | Entered a bailey
  5014 | Bailey   | Reached skill level 7 in Air Magic
  5189 | Bailey   | Learned a level 4 spell: Airstrike
  5432 | Bailey   | Reached skill level 8 in Air Magic
  5432 | Bailey   | Gained mutation: You have razor-sharp teeth. [Vine Stalker
                  | growth]
  5432 | Bailey   | Reached XP level 8. HP: 39/39 MP: 4/13
  5525 | Bailey   | Reached skill level 1 in Evocations
  5826 | Bailey   | Reached skill level 5 in Stealth
  6109 | Bailey   | Reached XP level 9. HP: 32/44 MP: 4/16
  6242 | Bailey   | Reached skill level 14 in Air Magic
  6242 | Bailey   | Reached XP level 10. HP: 49/49 MP: 17/17
  6243 | Bailey   | Reached XP level 11. HP: 52/52 MP: 18/18
  6494 | D:5      | Entered Level 5 of the Dungeon
  7067 | D:5      | Found a stormy altar of Qazlal.
  7071 | D:5      | Found a radiant altar of Vehumet.
  7074 | D:5      | Found a broken altar of Ashenzari.
  7075 | D:5      | Found a shadowy altar of Dithmenos.
  7079 | D:5      | Became a worshipper of Ashenzari the Shackled
  7174 | D:5      | Identified the +2 dagger "Vump" {distort, rPois rC+}
  7901 | D:4      | Learned a level 5 spell: Arcjolt
  7905 | D:4      | Learned a level 3 spell: Vhi's Electric Charge
  8338 | D:6      | Found a snail-covered altar of Cheibriados.
  8919 | D:6      | Found an iron altar of Okawaru.
  9276 | D:5      | Reached * piety under Ashenzari
  9565 | D:7      | Reached skill level 10 in Conjurations
  9624 | D:7      | Noticed Duvessa
  9624 | D:7      | Noticed Dowan
  9628 | D:7      | Killed Duvessa
  9628 | D:7      | Killed Dowan
 10215 | D:8      | Found a sand-covered staircase.
 10228 | Ossuary  | Entered an ossuary
 10573 | D:8      | Reached ** piety under Ashenzari
 10720 | D:8      | Identified a scroll of acquirement
 10735 | D:8      | Acquired the +2 pair of gloves of the Dice {Dex+7}
 10920 | D:8      | Noticed Pikel
 10928 | D:8      | Banished Pikel
 10929 | D:8      | Reached skill level 1 in Armour
 11011 | D:8      | Found Erlang's Dragon-Slaying Spoils.
 11101 | D:8      | Noticed Maggie
 11105 | D:8      | Killed Maggie
 12404 | D:9      | Reached skill level 5 in Short Blades
 12529 | D:9      | Reached XP level 12. HP: 60/60 MP: 5/21
 12681 | D:9      | Identified the +3 broad axe "Untin" {venom, rPois rF+ Int+3
                  | Dex+3}
 12881 | D:9      | Noticed a two-headed ogre
 13068 | D:9      | Reached *** piety under Ashenzari
 13215 | D:9      | Reached skill level 5 in Dodging
 13334 | D:9      | Killed a two-headed ogre
 13598 | D:9      | Reached **** piety under Ashenzari
 13697 | D:9      | Noticed a two-headed ogre
 13878 | D:9      | Noticed Grum
 13887 | D:9      | Killed Grum
 14147 | D:9      | Identified the +6 trident "Hasajug" {pain, rCorr}
 14147 | D:9      | Identified the +0 leather armour "Paocestie" {Dex+4}
 14149 | D:9      | Noticed a five-headed hydra
 14312 | D:9      | Found an ancient bone altar of Kikubaaqudgha.
 14416 | D:9      | Identified the ring "Zyrphiph" {rPois Slay+2}
 14485 | D:9      | Killed a five-headed hydra
 14887 | D:10     | Entered Level 10 of the Dungeon
 14919 | D:10     | Noticed Joseph
 14931 | D:10     | Killed Joseph
 15065 | D:10     | Found a staircase to the Orcish Mines.
 15186 | D:10     | Found Izaddaixe's General Store.
 15216 | D:10     | Bought a potion of curing for 42 gold pieces
 15216 | D:10     | Bought a potion of attraction for 42 gold pieces
 15216 | D:10     | Bought a potion of lignification for 42 gold pieces
 15417 | D:10     | Found a staircase to the Lair.
 15749 | D:10     | Noticed a two-headed ogre
 15781 | D:10     | Killed a two-headed ogre
 16572 | D:11     | Reached ***** piety under Ashenzari
 16776 | D:11     | Reached XP level 13. HP: 67/67 MP: 9/24
 17257 | D:11     | Reached skill level 5 in Fighting
 17302 | D:11     | Reached skill level 15 in Air Magic
 17387 | D:11     | Identified the +4 plate armour of Pessimism {Str+3}
 17455 | D:11     | Identified the +3 chain mail of Humpezah {*Slow rPois
                  | Int+3}
 17749 | D:11     | Found a shimmering blue altar of Sif Muna.
 18739 | D:12     | Reached ****** piety under Ashenzari
 19033 | Orc:1    | Entered Level 1 of the Orcish Mines
 19033 | Orc:1    | Found Innu Foh's Armour Shop.
 19125 | Orc:1    | Bought a +1 cloak for 126 gold pieces
 19498 | Orc:2    | Entered Level 2 of the Orcish Mines
 19746 | Orc:1    | Found Vaxoh's Gadget Gallery.
 20077 | Orc:2    | Found Hileb's General Store.
 20099 | Orc:2    | Slain by a sun demon

Illustrated notes

Levels and vault maps discovered:
D:1:      dpeg_arrival_arbitrary_a, layout_rooms, minmay_misc_feat_columns
D:2:      layout_basic, nicolae_wormholes
D:3:      wad_river_or_something, layout_basic,
          mainiacjoe_overflow_small_starburst,
          shapermc_ecumenical_altar_acropolis
D:4:      layout_gridville, minmay_temple_entry_arrows, reono_crystal_passage
D:5:      layout_basic, minitemple, serial_demonic, serial_demonic_g,
          serial_demonic_a, serial_demonic_a, serial_demonic_g,
          serial_demonic_b, serial_demonic_b
D:6:      layout_loops_corners, nicolae_overflow_crystal_walls,
          mainiacjoe_overflow_alcove_1, serial_bayou_lake_a
D:7:      layout_loops_corners, enter_bailey_3, minmay_shop_grid_forest,
          uniq_duvessa
D:8:      layout_rooms, enter_ossuary_3, hex_large,
          minmay_misc_feat_secret_circle, roderic_serpentine_path,
          nicolae_shop_dragon_depot, chequers_serial_rivers_small_3,
          uniq_maggie, uniq_pikel
D:9:      minmay_the_grid_3x3 [minmay_the_grid_stretched_grid,
          minmay_the_grid_outer_circle, minmay_the_grid_slots,
          minmay_the_grid_square_x, minmay_the_grid_doors,
          minmay_the_grid_aliased_spiral, minmay_the_grid_minigrid_large,
          minmay_the_grid_diamond_grid, minmay_the_grid_prize_diamond_cup],
          layout_basic, lemuel_tele_altar, serial_bayou_ford_a, hex_medium,
          uniq_grum
D:10:     layout_roguey, minmay_lair_entry_grove, orc_0_dummy, serial_shops,
          nicolae_inconvenience_store, uniq_joseph
D:11:     kennysheep_town
D:12:     layout_loops_corners, minivault_1
Temple:   compressed_dpeg_circular_temple
Orc:1:    layout_caves, serial_shops, nicolae_shop_trees, nicolae_shop_gadgets
Orc:2:    pf_orc_diabolical, layout_caves, mines4_lemuel

Skill      XL: |  1  2  3  4  5  6  7  8  9 10 11 12 13 |
---------------+----------------------------------------+-----
Conjurations   | 2 9 10 | 10.0
Fighting       | 1 2 3 4 8 |  8.0
Short Blades   | 1 2 5 8 |  8.9
Stealth        | 3 5 |  5.0
Dodging        | 2 4 6 |  6.0
Spellcasting   | 3 4 |  4.0
Air Magic      | 4 5 8 14 15 | 15.5
Evocations     | 2 |  2.0
Armour         | 1 |  1.2

Action                     |  1- 3 |  4- 6 |  7- 9 | 10-12 | 13-15 || total
---------------------------+-------+-------+-------+-------+-------++-------
  Melee: Short sword       |    18 |    19 |    22 |    11 |       ||    70
         Bite              |     7 |     7 |     4 |    96 |    57 ||   171
         Punch             |       |       |     1 |     4 |     3 ||     8
         Dagger            |       |       |       |   286 |   163 ||   449
   Cast: Shock             |    87 |   122 |    68 |    12 |       ||   289
         Static Discharge  |     1 |     9 |       |     1 |       ||    11
         Airstrike         |       |       |    18 |   219 |    69 ||   306
         Arcjolt           |       |       |       |    24 |     9 ||    33
         Swiftness         |       |       |       |     4 |     2 ||     6
 Invoke: Curse Item        |       |       |       |     8 |     2 ||    10
         Shatter the Chain |       |       |       |       |     1 ||     1
  Evoke: Wand              |       |       |     9 |     1 |       ||    10
    Use: Scroll            |       |     7 |       |     4 |       ||    11
         Potion            |       |       |     1 |     2 |       ||     3
   Stab: Sleeping          |       |     1 |       |     5 |     5 ||    11
         Distracted        |       |       |       |       |     1 ||     1
 Armour: Robe              |     7 |    10 |     9 |    93 |    27 ||   146
  Dodge: Dodged            |     6 |    24 |    25 |   185 |    74 ||   314
  Block: Kite shield       |       |       |       |       |    42 ||    42

Table legend: (Time is in decaauts)
 A = Elapsed time spent in this place.
 B = Non-inter-level travel time spent in this place.
 C = Inter-level travel time spent in this place.
 D = Time resting spent in this place.
 E = Time spent auto-exploring this place.
 F = Levels seen in this place.
 G = Mean time per level.
                   A        B        C        D        E       F      G
               +--------+--------+--------+--------+--------+-----+--------+
         Total |  19972 |  18991 |    981 |   1154 |  14900 |  17 | 1174.8 |
       Dungeon |  17153 |  16208 |    945 |    775 |  13382 |  12 | 1429.4 |
        Temple |     83 |     75 |      8 |      0 |     63 |   1 |   83.0 |
  Orcish Mines |   1047 |   1019 |     28 |      2 |    867 |   2 |  523.5 |
       Ossuary |    289 |    289 |      0 |      0 |    179 |   1 |  289.0 |
        Bailey |   1398 |   1398 |      0 |    377 |    409 |   1 | 1398.0 |
               +--------+--------+--------+--------+--------+-----+--------+

Top non-repeatable levels by time:
    D:11: 2577 daAuts
     D:9: 2088 daAuts
     D:8: 1821 daAuts
     D:3: 1503 daAuts
     D:2: 1495 daAuts
     D:6: 1428 daAuts
  Bailey: 1398 daAuts
     D:7: 1393 daAuts
     D:4: 1342 daAuts
    D:10: 1157 daAuts
     D:5: 1156 daAuts
     D:1: 831 daAuts
   Orc:1: 761 daAuts
    D:12: 357 daAuts
 Ossuary: 289 daAuts
